 Dungeon Crawl Stone Soup version 0.31-a0-889-g1a8549509d (webtiles) character file.

Game seed: 233135655486620493

809 LeprechaunX the Changeling (level 7, -2/46 HPs)
             Began as an Octopode Shapeshifter on Oct 16, 2023.
             Engulfed by a steam dragon's steam (10 damage)
             ... on level 5 of the Dungeon.
             The game lasted 00:06:15 (5098 turns).

LeprechaunX the Changeling (Octopode Shapeshifter)  Turns: 5098, Time: 00:06:15

Health: -2/46      AC:  1    Str: 15    XL:     7   Next: 92%
Magic:  7/7        EV: 13    Int: 13    God:
Gold:   216        SH:  8    Dex: 17    Spells: 6/6 levels left

rFire   . .          .
                       - Unarmed
rCold   . . .        y - +0 kite shield
rNeg    . . .        (helmet currently unavailable)
rPois   .            (no amulet)
rElec   .            i - ring of willpower
rCorr   .            z - +6 ring of dexterity
SInv    .            (no ring)
Will    +....        (no ring)
Stlth   +++          (no ring)
HPRegen 0.27/turn    (no ring)
MPRegen 0.10/turn    (no ring)
                     (no ring)

%: no passive effects
@: beast-form
A: beast (slay +3), almost no armour, amphibious, 8 rings, camouflage 1,
gelatinous body 1, (nimble swimmer 1), tentacles
a: Begin Untransformation


You were on level 5 of the Dungeon.
You were a hulking beast.
You visited 1 branch of the dungeon, and saw 5 of its levels.

You collected 216 gold pieces.

Inventory:

Missiles
 q - 9 boomerangs
 t - 3 atropa-tipped darts
 w - a throwing net
Armour
 y - a +0 kite shield (worn)
Jewellery
 i - a ring of willpower (left tentacle)
 z - a +6 ring of dexterity (right tentacle)
Talismans
 b - a beast talisman (active)
 c - a flux talisman
Scrolls
 d - 4 scrolls of identify {unknown}
 e - 2 scrolls of amnesia {unknown}
 h - 2 scrolls of vulnerability {unknown}
 n - 4 scrolls of teleportation {unknown}
 p - 2 scrolls of revelation {unknown}
 r - 2 scrolls of poison {unknown}
 s - a scroll of noise {unknown}
 x - a scroll of silence {unknown}
Potions
 a - 2 potions of lignification
 f - a potion of brilliance {unknown}
 g - a potion of invisibility {unknown}
 j - 2 potions of heal wounds {unknown}
 k - 2 potions of berserk rage {unknown}
 l - 3 potions of curing {unknown}
 m - a potion of haste {unknown}
 o - 2 potions of attraction {unknown}
 u - a potion of mutation {unknown}
 v - a potion of degeneration {unknown}


   Skills:
 + Level 3.5 Fighting
 + Level 4.1 Dodging
 + Level 0.7 Shields
 + Level 4.6 Unarmed Combat
 + Level 2.5 Evocations
 * Level 5.5 Shapeshifting


You had 6 spell levels left.
You didn't know any spells.
Your spell library contained the following spells:

 Spells                   Type           Power      Damage    Failure   Level
 Gell's Gravitas          Tloc           0%         N/A       97%         3
 Stone Arrow              Conj/Erth      0%         3d7       97%         3
 Teleport Other           Tloc           0%         N/A       97%         3
 Dispersal                Tloc           0%         N/A       100%        6
 Lehudib's Crystal Spear  Conj/Erth      0%         10d2      100%        8
 Animate Armour           Summ/Erth      Unusable   N/A       N/A         4

Dungeon Overview and Level Annotations

Branches:
Dungeon (5/15)
 Temple: D:4-7

Altars:
Kikubaaqudgha
Qazlal
Trog
Xom

Shops:
D:2 =


Innate Abilities, Weirdness & Mutations

You are a hulking beast.
Your limbs bulge with bestial killing power. (Slay +3)
You cannot wear most types of armour.
You are amphibious.
You can wear up to eight rings at the same time.
Your skin changes colour to match your surroundings (Stealth+).
Your rubbery body absorbs attacks. (AC +1, EV +1)
((You are camouflaged when in or above water. (Stealth+)))
You have tentacles for arms and can constrict up to eight enemies at once.


Message History

No target in view!
No target in view!
A scorpion is nearby!
You tentacle-slap the scorpion. Your grab misses the scorpion.
The scorpion is lightly wounded.
You block the scorpion's attack.
You tentacle-slap the scorpion. You grab the scorpion.
You tentacle-slap the scorpion, but do no damage.
The scorpion is moderately wounded.
You constrict the scorpion, but do no damage.
The scorpion misses you.
You tentacle-slap the scorpion. You squeeze the scorpion.
The scorpion is severely wounded.
You constrict the scorpion, but do no damage.
You block the scorpion's attack. The scorpion stings you.
You tentacle-slap the scorpion.
Your tentacle-slap misses the scorpion.
The scorpion is severely wounded.
You constrict the scorpion. The scorpion barely misses you.
You bludgeon the scorpion!
You kill the scorpion!
No target in view!
There is an open door here.
A steam dragon comes into view.
A steam dragon is nearby!
A steam dragon is nearby!
A steam dragon is nearby!
A steam dragon is nearby!
The steam dragon breathes steam at you. The ball of steam hits you!
No target in view!
No target in view!
Unknown command.
You are engulfed in a cloud of scalding steam.
Found a bubbling yellow potion.
You are engulfed in a cloud of scalding steam.
The steam dragon breathes steam at you. The ball of steam hits you!
* * * LOW HITPOINT WARNING * * *
You are engulfed in a cloud of scalding steam.
You die...

#.####.##.#### .##.#Y.##
#.###...... ... #..# ............
... .... #..# #.###..##.# #.#
#.... ..... #.###..# .. ..# #...
o..... #.##...##.### ##.# #..#
#...... ............. ..# #..#
#.#..#. #.##..###..## #.# #.!#
#.#...$
......###..#####h###..##.##.#....
#................§§§........
####.......#########D###.##
#......## #.# # #.###### #.# #.#
#.# #.# ..
####.###############.###§##.##
......................§§§D....
####.######################.##


There were no monsters in sight!

Vanquished Creatures
  An ogre (D:4)
  2 phantoms
  3 scorpions
  A gnoll bouda (D:4)
  A hound (D:5)
  An orc priest (D:4)
  A jelly (D:4)
  Natasha (thrice) (D:3)
  An orc wizard (D:4)
  A mummy (D:4)
  4 gnolls
  4 adders
  2 dart slugs
  12 orcs
  16 endoplasms
  2 giant cockroaches
  5 goblins
  2 hobgoblins
  3 jackals (D:1)
  10 kobolds
  7 quokkas
  5 ball pythons
  8 bats
  4 frilled lizards
  A hobgoblin zombie (D:4)
  3 kobold zombies (D:4)
  7 rats
110 creatures vanquished.

Notes
Turn   | Place    | Note
-------+----------+-------------------------------------------
     0 | D:1      | LeprechaunX the Octopode Shapeshifter began the quest for
                  | the Orb.
     0 | D:1      | Reached XP level 1. HP: 13/13 MP: 1/1
   172 | D:1      | Reached XP level 2. HP: 13/18 MP: 2/2
   279 | D:1      | Reached XP level 3. HP: 23/23 MP: 3/3
  1135 | D:2      | Found Qehuov's Jewellery Emporium.
  1195 | D:2      | Found a faded altar of an unknown god.
  1600 | D:2      | Reached XP level 4. HP: 29/29 MP: 4/4
  2785 | D:3      | Noticed Natasha
  2793 | D:3      | Killed Natasha
  2794 | D:3      | Reached skill level 4 in Shapeshifting
  2794 | D:3      | Reached XP level 5. HP: 26/34 MP: 5/5
  2862 | D:3      | Noticed Natasha
  2873 | D:3      | Killed Natasha
  3015 | D:3      | Noticed Natasha
  3019 | D:3      | Killed Natasha
  3185 | D:4      | Found a bloodstained altar of Trog.
  3186 | D:4      | Noticed an ogre
  3194 | D:4      | Killed an ogre
  3195 | D:4      | Reached XP level 6. HP: 29/41 MP: 6/6
  3231 | D:4      | Reached skill level 1 in Evocations
  3260 | D:4      | Found an ancient bone altar of Kikubaaqudgha.
  3295 | D:4      | Found a shimmering altar of Xom.
  3771 | D:4      | Reached skill level 5 in Shapeshifting
  3771 | D:4      | Reached XP level 7. HP: 10/46 MP: 7/7
  4643 | D:5      | Entered Level 5 of the Dungeon
  4975 | D:5      | Found a stormy altar of Qazlal.
  5086 | D:5      | Noticed a steam dragon
  5098 | D:5      | Engulfed by a steam dragon's steam

Illustrated notes

Levels and vault maps discovered:
D:1:      dpeg_arrival_court, layout_basic, serial_forest,
          infiniplex_forest_corner_1, infiniplex_forest_join,
          infiniplex_forest_lined_3, infiniplex_forest_clump_small,
          infiniplex_forest_clump_curved, infiniplex_forest_corner_1,
          infiniplex_forest_lined_2, infiniplex_forest_split,
          infiniplex_forest_zigzag_2, infiniplex_forest_lined_corner
D:2:      layout_basic, serial_shops, nicolae_lakefront_shop,
          shapermc_ecumenical_altar_pompeii
D:3:      layout_loops_cross, uniq_natasha
D:4:      cheibrodos_fertilizer, layout_basic, lemuel_tele_altar,
          mainiacjoe_overflow_concentric_impassable, xom_teletrap_fun,
          minmay_mini_ossuary
D:5:      layout_basic, nicolae_qazlal_general_emergency

Skill      XL: |  1  2  3  4  5  6  7 |
---------------+----------------------+-----
Fighting       | 2 3 |  3.5
Shapeshifting  | 4 5 |  5.5
Dodging        | 3 4 |  4.1
Unarmed Combat | 4 |  4.6
Evocations     | 1 2 |  2.5
Shields        | |  0.7

Action                     |  1- 3 |  4- 6 |  7- 9 || total
---------------------------+-------+-------+-------++-------
  Melee: Unarmed           |    84 |   121 |    45 ||   250
         Constrict         |    15 |    20 |    12 ||    47
         Tentacles         |     6 |    21 |    11 ||    38
         Punch             |     1 |     5 |     4 ||    10
  Throw: Dart              |       |     3 |       ||     3
  Evoke: Wand              |       |     1 |       ||     1
   Stab: Sleeping          |     6 |     5 |       ||    11
 Armour: Skin              |    31 |    40 |    27 ||    98
  Dodge: Dodged            |    41 |    48 |    21 ||   110
  Block: Kite shield       |       |       |     7 ||     7

Table legend: (Time is in decaauts)
 A = Elapsed time spent in this place.
 B = Non-inter-level travel time spent in this place.
 C = Inter-level travel time spent in this place.
 D = Time resting spent in this place.
 E = Time spent auto-exploring this place.
 F = Levels seen in this place.
 G = Mean time per level.
                   A        B        C        D        E       F      G
               +--------+--------+--------+--------+--------+-----+--------+
         Total |   5082 |   4807 |    275 |    166 |   3887 |   5 | 1016.4 |
       Dungeon |   5082 |   4807 |    275 |    166 |   3887 |   5 | 1016.4 |
               +--------+--------+--------+--------+--------+-----+--------+

Top non-repeatable levels by time:
     D:4: 1581 daAuts
     D:2: 1356 daAuts
     D:1: 986 daAuts
     D:3: 749 daAuts
     D:5: 408 daAuts
